 Dungeon Crawl Stone Soup version 0.14.1-27-g0f46f74 (webtiles) character file.

18849 Eradicator the Grappler (level 12, -11/119 HPs)
             Began as a Troll Monk on Aug 7, 2014.
             Was a High Priest of Nemelex Xobeh.
             Mangled by a two-headed ogre
             ... wielding a +0,+0 giant spiked club
              (25 damage)
             ... on Level 11 of the Dungeon.
             The game lasted 03:01:38 (14128 turns).

Eradicator the Grappler (Troll Monk)               Turns: 14128, Time: 03:01:38

HP -11/119       AC  7     Str 22      XL: 12   Next: 23%
MP  15/20        EV 14     Int  6      God: Nemelex Xobeh [*****.]
Gold 894         SH  0     Dex 16      Spells:  3 memorised, 10 levels left

rFire  . . .     SeeInvis .       - Unarmed
rCold  . . .     Clarity  +     k - +0 animal skin
rNeg   . . .     Conserve .     (shield restricted)
rPois  +         rCorr    .     (helmet restricted)
rElec  .         rRot     .     B - +1 cloak
SustAb . .       Spirit   .     (gloves unavailable)
rMut   .         Warding  .     (boots unavailable)
Gourm  +         Stasis   .     E - amulet of clarity {unknown}
MR     .....                    G - ring of poison resistance
                                f - ring of sustenance

@: exhausted, studying Earth Magic, slowed, very slow, not resistant to hostile
enchantments, unstealthy
A: unfitting armour, claws 3, fast metabolism 3, gourmand, regeneration 2,
saprovore 2, shaggy fur 1, tough skin 2
a: Draw One, Peek at Two, Triple Draw, Deal Four, Stack Five, Renounce Religion


You were on level 11 of the Dungeon.
You worshipped Nemelex Xobeh.
Nemelex Xobeh was extremely pleased with you.
You were not hungry.

You visited 4 branches of the dungeon, and saw 17 of its levels.

You collected 894 gold pieces.

Inventory:

Missiles
 p - 51 stones (quivered)
Armour
 k - a +0 animal skin (worn)
 B - a +1 cloak (worn)
Magical devices
 a - a wand of teleportation (5)
 h - a wand of fire (2)
 o - a wand of polymorph (20)
 v - a wand of random effects (18)
 O - a wand of teleportation (6)
Comestibles
 b - 4 meat rations
 c - a banana
 n - a lychee
 r - an apricot
 t - 2 chokos
 w - 3 apples
 x - 10 bread rations
 z - 2 pears
 F - a chunk of manticore flesh
 U - 2 royal jellies
 V - 8 honeycombs
Scrolls
 e - 4 scrolls of noise
 m - 6 scrolls of remove curse
 q - a scroll of immolation
 A - a scroll of magic mapping
 H - 2 scrolls of amnesia
 I - a scroll of enchant armour
 L - a scroll of enchant weapon I
Jewellery
 f - a ring of sustenance (left claw)
 i - an uncursed amulet of the gourmand
 y - an uncursed ring of teleportation
 E - an amulet of clarity (around neck) {unknown}
 G - a ring of poison resistance (right claw)
Potions
 d - 2 potions of might
 g - 3 potions of agility
 l - 2 potions of brilliance
 s - 5 potions of curing
 u - 2 potions of restore abilities
 C - 2 potions of flight
 K - a potion of berserk rage
 M - a potion of cure mutation
 N - a potion of degeneration
 Q - a potion of magic
Books
 j - a manual of Earth Magic
 D - a book of Geomancy

   Spells                             Type                      Level
   *Sandblast                         Earth                        1
   Stoneskin                          Transmutation/Earth          2
   *Passwall                          Transmutation/Earth          3
   Stone Arrow                        Conjuration/Earth            3
   Petrify                            Transmutation/Earth          4
   *Lee's Rapid Deconstruction        Earth                        5
Miscellaneous
 J - an ornate deck of escape {drawn: 3}
 P - a box of beasts {used: 7}
 R - a plain deck of escape {drawn: 2}
 T - a plain deck of wonders {drawn: 1}


   Skills:
 + Level 8.0 Fighting
 * Level 6.7 Dodging
 - Level 1.1 Stealth
 + Level 11.2 Unarmed Combat
 - Level 4.0 Spellcasting
 + Level 7.3 Earth Magic
 + Level 8.0 Evocations


You had 10 spell levels left.
You knew the following spells:

 Your Spells              Type           Power        Failure   Level  Hunger
a - Sandblast             Erth           ##....       1%          1    ##.....
b - Passwall              Trmt/Erth      #.........   24%         3    ####...
c - Lee's Rapid Deconstr  Erth           ##........   54%         5    ######.


Dungeon Overview and Level Annotations

Branches:
Dungeon (11/15)            Temple (1/1) D:5            Lair (5/8) D:9
  Swamp (1/5) Lair:4
    Orc: D:9-12      Shoals: Lair:3-6     Snake: Lair:3-6    Spider: Lair:3-6

Altars:
Ashenzari
Cheibriados
Dithmenos
Elyvilon
Fedhas
Kikubaaqudgha
Makhleb
Nemelex Xobeh
Okawaru
Sif Muna
Trog
Vehumet
Xom
Yredelemnul
Zin
The Shining One

Annotations:
Lair:3 Erica


Innate Abilities, Weirdness & Mutations

You are too large for most types of armour.
You have claws for hands.
Your metabolism is lightning-fast.
You like to eat raw meat.
You heal very quickly.
You can eat rotten meat.
You are covered in fur (AC +1).
You have very tough skin (AC +2).


Message History

You see here a potion of heal wounds.
The barbed spikes dig painfully into your body as you move.
* * * LOW HITPOINT WARNING * * *
A net drops to the ground!
The barbed spikes dig painfully into your body as you move.
* * * LOW HITPOINT WARNING * * *
You see here a throwing net.
The barbed spikes dig painfully into your body as you move.
* * * LOW HITPOINT WARNING * * *
The manticore spikes snap loose.
An arrow hits the two-headed ogre!
There is an escape hatch in the floor here.
Press: ? - help, v - describe, . - travel
Here: a two-headed ogre, wielding a giant spiked club and a giant club (lightly wounded)
The floor.
Use which ability? (? or * to list)
You fail to use your ability.
The two-headed ogre closely misses you.
The two-headed ogre hits you with a giant club!
You die...
Your body disappears without a glow.

#.......# #.......#
#.......#
##+###<......#
#........#'###
#........#.#######
#........+.......#
#...>....+.......#
#.....@..#..####.#
#.....O..#..# #.#
####........#..# #.#
.........#+##..# #.#
...#####.#.##..# ##.##
...#≈≈;#.#.##..###...#
...#≈≈≈#('.........#.#
...#≈≈≈#.#.....#####>#
....#####!####..# #.#


You could see a two-headed ogre and an electric eel.

Vanquished Creatures
  An ice dragon (Lair:4)
  Nergalle (Lair:4)
  Pikel (D:7)
  A manticore (D:11)
  The ghost of Eradicator the Charlatan, an experienced DDAr of Zin (D:5)
  3 black mambas
  A gargoyle (D:6)
  4 spiny frogs
  A troll (D:10)
  A komodo dragon (Lair:3)
  3 two-headed ogres
  A formicid (Lair:4)
  A spriggan (D:8)
  An ugly thing (D:8)
  2 blink frogs (Lair:5)
  A hill giant zombie (D:10)
  A deep elf mage (D:10)
  5 yaks (Lair:2)
  2 sharks (Lair:2)
  A hungry ghost (D:10)
  4 hippogriffs
  A tengu zombie (D:11)
  Menkaure (D:5)
  A water moccasin (Lair:1)
  3 sky beasts
  4 orc warriors
  2 porcupines
  An ice beast (D:10)
  A black bear (Lair:1)
  5 phantoms
  3 slaves (D:7)
  An ogre (D:9)
  A crocodile (Lair:3)
  6 centaurs
  2 big kobolds
  5 giant slugs
  Blork the orc (D:8)
  3 scorpions
  18 giant frogs
  A hippogriff zombie (D:5)
  A troll skeleton (D:8)
  24 killer bees
  A jelly (D:9)
  A goliath beetle (D:9)
  A two-headed ogre zombie (D:7)
  4 crimson imps
  4 orc priests
  8 hounds
  5 orc wizards
  9 iguanas
  4 worker ants
  4 gnolls
  12 green rats (Lair:3)
  11 adders
  3 orc skeletons
  A shadow imp (D:8)
  A giant mite (Lair:4)
  2 inept feature mimics
  5 worms
  A giant eyeball (D:2)
  3 giant geckos
  28 orcs
  2 bat zombies
  5 giant cockroaches
  15 goblins
  8 hobgoblins
  10 jackals
  31 kobolds
  A ball python (D:5)
  17 bats
  7 giant newts
  6 quokkas
  28 rats
  A rat zombie (D:7)
  5 fungi
  3 plants
369 creatures vanquished.

Vanquished Creatures (collateral kills)
  3 giant fireflies (D:7)
  An ice beast (D:6)
  A centaur (D:7)
  4 killer bees (Lair:4)
  A crimson imp (D:5)
  A goliath beetle (D:6)
  An adder (Lair:1)
  A bat (Lair:1)
13 creatures vanquished.

Vanquished Creatures (others)
  The ghost of vatarom the Cruncher, a powerful GrGl of Okawaru (Lair:1)
  2 dancing weapons
  A giant firefly (D:7)
  3 vampire mosquitoes (Lair:1)
  A slave (D:7)
  A crimson imp (D:5)
  An iron imp (D:7)
  2 chimeras (Lair:4)
  A rat skeleton (D:6)
13 creatures vanquished.

Grand Total: 395 creatures vanquished

Notes
Turn   | Place    | Note
--------------------------------------------------------------
     0 | D:1      | Eradicator, the Troll Monk, began the quest for the Orb.
     0 | D:1      | Reached XP level 1. HP: 22/22 MP: 1/1
   123 | D:1      | Reached XP level 2. HP: 27/29 MP: 1/1
   748 | D:1      | Reached XP level 3. HP: 26/36 MP: 2/2
   783 | D:2      | Reached skill level 5 in Unarmed Combat
   786 | D:2      | Paralysed by a giant eyeball for 3 turns
   811 | D:2      | Paralysed by a giant eyeball for 4 turns
   922 | D:2      | Reached XP level 4. HP: 37/45 MP: 2/2
  1369 | D:3      | Reached XP level 5. HP: 53/53 MP: 2/2
  1938 | D:3      | Found a sparkling altar of Nemelex Xobeh.
  1947 | D:3      | Became a worshipper of Nemelex Xobeh the Trickster
  1947 | D:3      | Received a gift from Nemelex Xobeh
  1947 | D:3      | Acquired Nemelex Xobeh's first power
  2233 | D:3      | You fall through a shaft!
  2233 | D:5      | Entered Level 5 of the Dungeon
  2243 | D:5      | Acquired Nemelex Xobeh's second power
  2263 | D:5      | Noticed a centaur
  2268 | D:5      | Killed a centaur
  2268 | D:5      | Reached skill level 6 in Unarmed Combat
  2293 | D:5      | Found a staircase to the Ecumenical Temple.
  2304 | Temple   | Entered the Ecumenical Temple
  2466 | D:5      | Noticed Eradicator's ghost (experienced DDAr)
  2476 | D:5      | Killed Eradicator's ghost
  2476 | D:5      | Reached skill level 7 in Unarmed Combat
  2476 | D:5      | Reached skill level 1 in Evocations
  2476 | D:5      | Reached XP level 6. HP: 47/62 MP: 2/4
  2476 | D:5      | Reached XP level 7. HP: 53/70 MP: 2/5
  2652 | D:5      | Noticed a sky beast
  2671 | D:5      | Killed a sky beast
  2806 | D:5      | Noticed Menkaure
  2820 | D:5      | Killed Menkaure
  2891 | D:5      | Reached skill level 8 in Unarmed Combat
  3298 | D:6      | Noticed a gargoyle
  3325 | D:6      | Noticed a two-headed ogre
  3418 | D:6      | Reached XP level 8. HP: 62/79 MP: 6/6
  3542 | D:6      | Noticed a troll
  3773 | D:6      | Acquired Nemelex Xobeh's third power
  3775 | D:6      | Received a gift from Nemelex Xobeh
  3784 | D:6      | Killed a gargoyle
  3784 | D:6      | Reached skill level 5 in Fighting
  3784 | D:6      | Reached skill level 9 in Unarmed Combat
  3825 | D:6      | Found a blossoming altar of Fedhas.
  3913 | D:6      | Learned a level 1 spell: Sandblast
  3928 | D:6      | Killed a two-headed ogre
  4111 | D:6      | Reached skill level 1 in Earth Magic
  4111 | D:6      | Reached XP level 9. HP: 60/88 MP: 10/10
  4163 | D:6      | Found a shattered altar of Ashenzari.
  4610 | D:5      | Received a gift from Nemelex Xobeh
  5273 | D:6      | Acquired Nemelex Xobeh's fourth power
  5278 | D:6      | Received a gift from Nemelex Xobeh
  5365 | D:6      | Reached skill level 5 in Earth Magic
  5365 | D:6      | Reached XP level 10. HP: 95/100 MP: 10/14
  5468 | D:7      | Noticed Pikel
  5505 | D:7      | Killed Pikel
  6130 | D:7      | Reached skill level 10 in Unarmed Combat
  6142 | D:7      | Received a gift from Nemelex Xobeh
  6622 | D:8      | Noticed Blork the orc
  6630 | D:8      | Killed Blork the orc
  6862 | D:8      | Got a heavily runed amber ring
  7158 | D:8      | Received a gift from Nemelex Xobeh
  7629 | D:9      | Acquired Nemelex Xobeh's fifth power
  7661 | D:9      | Received a gift from Nemelex Xobeh
  8103 | D:9      | Learned a level 3 spell: Passwall
  8142 | D:9      | Reached XP level 11. HP: 89/107 MP: 3/17
  8184 | D:9      | Found a staircase to the Lair.
  8278 | Lair:1   | Entered Level 1 of the Lair of Beasts
  8326 | D:9      | Learned a level 5 spell: Lee's Rapid Deconstruction
  8341 | Lair:1   | Noticed vatarom's ghost (powerful GrGl)
  8378 | Lair:1   | Banished vatarom's ghost
  9668 | Lair:2   | HP: 4/109 [spiny frog (17)]
  9895 | Lair:2   | Reached skill level 5 in Dodging
 10086 | Lair:2   | Received a gift from Nemelex Xobeh
 10485 | Lair:3   | Noticed Erica
 11626 | Lair:4   | Found a staircase to the Swamp.
 11627 | Lair:4   | Noticed an eight-headed hydra
 12081 | Lair:5   | Received a gift from Nemelex Xobeh
 12264 | Lair:4   | Reached skill level 11 in Unarmed Combat
 12505 | Lair:4   | Noticed Nergalle
 12533 | Lair:4   | Killed Nergalle
 12533 | Lair:4   | Reached XP level 12. HP: 119/119 MP: 19/19
 12694 | Lair:4   | Noticed an ice dragon
 12694 | Lair:4   | a nine-headed hydra changed into an ice dragon
 12702 | Lair:4   | Killed an ice dragon
 12893 | Swamp:1  | Entered Level 1 of the Swamp
 13244 | D:10     | Entered Level 10 of the Dungeon
 14128 | D:11     | Mangled by a two-headed ogre

Action                   |  1- 3 |  4- 6 |  7- 9 | 10-12 || total
-------------------------+-------+-------+-------+-------++-------
Melee: Unarmed           |    56 |    69 |   239 |   792 ||  1156
Throw: Stone             |       |       |       |     1 ||     1
 Cast: Sandblast         |       |       |       |     6 ||     6
       Passwall          |       |       |       |     1 ||     1
Invok: Draw One          |       |       |       |    30 ||    30
       Deal Four         |       |       |       |     4 ||     4
Evoke: Deck              |       |     3 |    21 |    11 ||    35
       Wand              |       |       |       |    14 ||    14
       Box of beasts     |       |       |       |     7 ||     7
  Use: Scroll            |       |       |    15 |    12 ||    27
       Potion            |       |       |     2 |     9 ||    11
 Stab: Sleeping          |     1 |     2 |       |     3 ||     6
       Distracted        |       |       |       |     1 ||     1
